Diablos vs Harfangs
(R2)
Created - May 11, 2020 at 19:00
Goals
|
| Diablos |
3 |
1 |
0 |
4 |
| Harfangs |
3 |
2 |
0 |
5 |
|
Shots
|
| Diablos |
17 |
11 |
12 |
40 |
| Harfangs |
13 |
9 |
11 |
33 |
|
1st period
1. Harfangs , Calle Jarnkrok 43 (Ryan Hartman 37) at 4:39
2. Harfangs , Tyler Brenner 33 (Michael Bournival 70, Tyler Randell 59) at 7:48 (PP)
3. Harfangs , Michael Bournival 48 (Victor Bartley 28, Tyler Randell 60) at 8:09 (PP)
4. Diablos , Jordan Szwarz 46 (Nick Spaling 41, Lars Eller 59) at 10:46 (PP)
5. Diablos , Nick Spaling 48 (Lars Eller 60, Jordan Szwarz 45) at 17:46
6. Diablos , Peter Holland 10 (David Pastrnak 41, Philip Larsen 30) at 18:51
Penalties :
Jiri Sekac (Don) for Holding (Minor) at 1:38, Reid McNeill (BEA) for Hooking (Minor) at 5:15, Riley Nash (Don) for Kneeing (Minor) at 7:39, Philip Larsen (Don) for Roughing (Minor) at 7:57, Dylan Olsen (BEA) for Roughing (Double Minor) at 10:31
2nd period
7. Diablos , Jiri Sekac 16 (Tyler Pitlick 27, Corey Trivino 24) at 6:14
8. Harfangs , Nick Shore 29 (Victor Bartley 29, Calle Jarnkrok 70) at 8:16
9. Harfangs , Morgan Klimchuk 15 (Cristoval Nieves 13, Dylan Olsen 39) at 10:25
Penalties :
Jordan Szwarz (Don) for Tripping (Minor) at 2:13, Victor Bartley (BEA) for Holding (Minor) at 2:16, Jordan Szwarz (Don) for Interference (Minor) at 10:36, Ryan Hartman (BEA) for Hooking (Minor) at 16:23
3rd period
No Goal
Penalties :
Philip Larsen (Don) for Hooking (Minor) at 15:31, Calle Jarnkrok (BEA) for Tripping (Minor) at 15:58, Jake Dotchin (BEA) for Tripping (Minor) at 19:01
Goalie Stats
Kristers Gudlevskis (Don), 28 saves from 33 shots - (0.848), L, 30-28-5, 59:08 minutes
Ilya Sorokin (BEA), 36 saves from 40 shots - (0.900), W, 14-11-2, 60:00 minutes
Players Stats for Diablos
Player Name G A P +/- PIM S H SB GA TA FO MP PP MP PK MP
------------------------------------------------------------------------------------
Alex Petrovic 0 0 0 -2 0 2 1 1 0 1 0/0 19:46 2:48 2:00
Andrei Mironov 0 0 0 0 0 0 0 0 0 0 0/0 4:21 0:00 0:00
Andrey Pedan 0 0 0 -1 0 0 2 0 0 0 0/0 8:18 0:00 0:00
Brian Dumoulin 0 0 0 -2 0 3 2 2 0 0 0/0 19:46 2:48 2:00
Cameron Gaunce 0 0 0 3 0 1 3 0 0 0 0/0 27:35 4:52 2:49
Charles Hudon 0 0 0 0 0 1 0 0 1 1 0/0 8:02 0:00 0:44
Corey Trivino 0 1 1 -1 0 1 1 0 0 0 15/19 15:59 3:35 0:00
Danton Heinen 0 0 0 0 0 1 2 0 0 0 0/0 9:01 0:00 0:00
David Pastrnak 0 1 1 0 0 3 0 0 0 2 0/0 9:01 0:00 0:00
Dominic Turgeon 0 0 0 0 0 0 0 0 0 0 0/0 0:39 0:00 0:00
Jack Glover 0 0 0 0 0 0 0 0 0 0 0/0 0:44 0:00 0:39
Jiri Sekac 1 0 1 -1 2 3 3 1 0 1 0/0 16:27 3:35 0:25
Jordan Szwarz 1 1 2 1 4 2 2 0 1 0 1/1 20:17 4:05 0:32
Lars Eller 0 2 2 1 0 5 2 1 0 1 22/39 23:41 4:05 2:19
Matt Lindblad 0 0 0 0 0 0 0 0 0 0 0/0 0:49 0:00 0:00
Nick Spaling 1 1 2 1 0 9 0 1 3 1 4/7 23:41 4:05 2:19
Peter Holland 1 0 1 0 0 2 1 1 0 0 1/3 9:26 0:00 0:25
Philip Larsen 0 1 1 3 4 0 3 0 0 2 0/0 26:01 4:52 2:10
Riley Nash 0 0 0 0 2 2 0 0 0 0 0/3 7:13 0:00 0:00
Scott Glennie 0 0 0 0 0 2 0 0 0 1 0/0 7:14 0:00 0:00
Sergey Tolchinsky 0 0 0 0 0 0 0 0 0 0 0/1 1:57 0:00 1:33
Stuart Percy 0 0 0 0 0 0 0 0 0 0 0/0 4:21 0:00 0:00
Tyler Lewington 0 0 0 0 0 0 0 0 0 0 0/0 0:48 0:00 0:00
Tyler Pitlick 0 1 1 -1 0 3 2 0 0 1 1/1 18:12 3:35 1:21
Viktor Loov 0 0 0 -1 0 0 0 1 0 0 0/0 8:18 0:00 0:00
Players Stats for Harfangs
Player Name G A P +/- PIM S H SB GA TA FO MP PP MP PK MP
------------------------------------------------------------------------------------
Blake Heinrich 0 0 0 0 0 2 0 0 0 0 0/0 4:26 0:00 0:00
Brandon McMillan 0 0 0 -1 0 0 1 0 1 0 0/1 14:53 1:55 0:00
Brendan Leipsic 0 0 0 0 0 1 0 0 0 0 0/1 3:37 0:42 0:03
Brenden Kichton 0 0 0 -1 0 0 0 1 0 0 0/0 10:27 0:00 0:27
Calle Jarnkrok 1 1 2 -1 2 2 1 0 1 1 7/17 17:40 1:54 2:11
Cristoval Nieves 0 1 1 0 0 2 1 0 1 0 2/2 5:43 0:00 0:05
Devon Teows 0 0 0 0 0 0 0 0 0 0 0/0 0:55 0:00 0:00
Dylan Olsen 0 1 1 2 4 0 2 5 0 2 0/0 25:42 2:34 3:41
Erik Nystrom 0 0 0 1 0 2 0 1 1 0 0/0 9:31 0:00 0:00
Jake Dotchin 0 0 0 -1 2 0 1 0 2 0 0/0 18:37 2:15 2:22
JC Lipon 0 0 0 0 0 0 0 0 0 0 0/0 0:53 0:28 0:00
Laurent Dauphin 0 0 0 0 0 0 0 0 0 0 0/0 1:39 0:00 0:54
Lucas Wallmarkk 0 0 0 0 0 0 0 0 0 0 1/1 3:30 0:38 0:03
Mark Alt 0 0 0 -1 0 0 0 1 0 0 0/0 12:05 0:00 1:47
Michael Bournival 1 1 2 0 0 3 2 2 1 0 0/0 21:45 2:16 4:18
Morgan Klimchuk 1 0 1 0 0 4 0 0 2 0 1/1 7:13 0:07 1:04
Nick Shore 1 0 1 1 0 2 1 0 0 0 3/6 9:31 0:00 0:00
Nick Sorensen 0 0 0 0 0 0 0 0 0 0 0/1 5:38 0:00 0:00
Reid McNeill 0 0 0 -1 2 2 0 2 0 0 0/0 18:15 2:15 1:58
Rinat Valiev 0 0 0 0 0 0 0 0 0 0 0/0 4:26 0:00 0:00
Ryan Hartman 0 1 1 -1 2 4 2 0 1 0 0/1 15:05 1:55 0:00
Sven Andrighetto 0 0 0 1 0 2 0 0 0 0 0/0 9:31 0:00 0:00
Tyler Brenner 1 0 1 0 0 3 2 0 0 0 13/32 18:50 2:16 2:27
Tyler Randell 0 2 2 0 0 3 2 0 0 0 3/11 21:43 2:15 4:15
Victor Bartley 0 2 2 2 2 1 1 2 1 2 0/0 27:11 2:33 5:05
3 Stars
1 - Michael Bournival (BEA)
2 - Nick Spaling (Don)
3 - Nick Shore (BEA)
Power Play
Diablos - 1 on 7 Attempt(s) - 14.29%
Harfangs - 2 on 6 Attempt(s) - 33.33%
Penalty Kill
Diablos - 4 on 6 Attempt(s) - 66.67%
- Score 0 goal in Penalty Kill
Harfangs - 6 on 7 Attempt(s) - 85.71%
- Score 0 goal in Penalty Kill
Team Stat
Diablos - Hits : 24 - Faceoff Wins : 44 - Blocked Shots : 8 - Penalty Minutes : 12
Harfangs - Hits : 16 - Faceoff Wins : 30 - Blocked Shots : 14 - Penalty Minutes : 14
Official
Referees : Unknown
Linesman : Unknown
Game Notes
17:46 of 1st period - Diablos goal is going for a video replay. After video review, Goal.
Finance
Level 1 -- Attendance: 1733 (86.65%) -- Ticket Income $58,922
Level 2 -- Attendance: 715 (71.50%) -- Ticket Income $13,585
Total Attendance: 2448 (81.60%)
Total Ticket Income: $72,507
Other Income: $3,625
Total Income: $76,132
Diablos
5 vs 5 Forward
Center Left Wing Right Wing Time % Phy DF OF
1 Lars Eller Nick Spaling Jordan Szwarz 40 1 2 2
2 Corey Trivino Jiri Sekac Tyler Pitlick 30 1 2 2
3 Peter Holland Danton Heinen David Pastrnak 20 1 2 2
4 Riley Nash Charles Hudon Scott Glennie 10 1 2 2
5 vs 5 Defense
Defense Defense Time % Phy DF OF
1 Cameron Gaunce Philip Larsen 40 1 2 2
2 Brian Dumoulin Alex Petrovic 30 1 2 2
3 Viktor Loov Andrey Pedan 20 1 2 2
4 Andrei Mironov Stuart Percy 10 1 2 2
PowerPlay Forward
Center Left Wing Right Wing Time % Phy DF OF
1 Lars Eller Nick Spaling Jordan Szwarz 60 1 2 2
2 Corey Trivino Jiri Sekac Tyler Pitlick 40 1 2 2
PowerPlay Defense
Defense Defense Time % Phy DF OF
1 Cameron Gaunce Philip Larsen 60 1 2 2
2 Brian Dumoulin Alex Petrovic 40 1 2 2
Penalty Kill 4 Players Forward
Center Wing Time % Phy DF OF
1 Nick Spaling Lars Eller 60 1 2 2
2 Jordan Szwarz Tyler Pitlick 40 1 2 2
Penalty Kill 4 Players Defense
Defense Defense Time % Phy DF OF
1 Cameron Gaunce Philip Larsen 60 1 2 2
2 Brian Dumoulin Alex Petrovic 40 1 2 2
Penalty Kill - 3 Players Forward
Forward Time % Phy DF OF
1 Nick Spaling 60 1 2 2
2 Lars Eller 40 1 2 2
Penalty Kill - 3 Players Defense
Defense Defense Time % Phy DF OF
1 Cameron Gaunce Philip Larsen 60 1 2 2
2 Brian Dumoulin Alex Petrovic 40 1 2 2
4 vs 4 Forward
Center Wing Time % Phy DF OF
1 Nick Spaling Lars Eller 60 1 2 2
2 Jordan Szwarz Tyler Pitlick 40 1 2 2
4 vs 4 Defense
Defense Defense Time % Phy DF OF
1 Cameron Gaunce Philip Larsen 60 1 2 2
2 Brian Dumoulin Alex Petrovic 40 1 2 2
Last Minutes Offensive
Center Left Wing Right Wing Defense Defense
Lars Eller Nick Spaling Jordan Szwarz Cameron Gaunce Philip Larsen
Last Minutes Defensive
Center Left Wing Right Wing Defense Defense
Lars Eller Nick Spaling Jordan Szwarz Cameron Gaunce Philip Larsen
Goaltenders
Starting : Kristers Gudlevskis
Backup : Joni Ortio
Extra Forwards
Normal : Matt Lindblad, Dominic Turgeon, Sergey Tolchinsky - PP : Matt Lindblad, Dominic Turgeon - PK : Sergey Tolchinsky
Extra Defensemen
Normal : Tyler Lewington, Jack Glover, Viktor Loov - PP : Tyler Lewington - PK : Jack Glover, Viktor Loov
Penalty Shots
Nick Spaling, Lars Eller, Jordan Szwarz, Tyler Pitlick, Corey Trivino
Scratches
Jamie Devane (Healthy), Tobias Lindberg (Healthy), Ty Rattie (Healthy), Anthony Camara (Healthy), Branden Troock (Healthy)
Adrian Kempe (Broken Bone (Right Arm) Injury), Jakub Vrana (Healthy), Ryan MacInnis (Healthy), Matt Tomkins (Healthy)
Harfangs
5 vs 5 Forward
Center Left Wing Right Wing Time % Phy DF OF
1 Tyler Brenner Michael Bournival Tyler Randell 40 1 2 2
2 Calle Jarnkrok Brandon McMillan Ryan Hartman 30 1 2 2
3 Nick Shore Erik Nystrom Sven Andrighetto 20 1 2 2
4 Cristoval Nieves Morgan Klimchuk Nick Sorensen 10 1 2 2
5 vs 5 Defense
Defense Defense Time % Phy DF OF
1 Dylan Olsen Victor Bartley 40 1 2 2
2 Reid McNeill Jake Dotchin 30 1 2 2
3 Mark Alt Brenden Kichton 20 1 2 2
4 Blake Heinrich Rinat Valiev 10 1 2 2
PowerPlay Forward
Center Left Wing Right Wing Time % Phy DF OF
1 Tyler Brenner Michael Bournival Tyler Randell 60 1 2 2
2 Calle Jarnkrok Brandon McMillan Ryan Hartman 40 1 2 2
PowerPlay Defense
Defense Defense Time % Phy DF OF
1 Dylan Olsen Victor Bartley 60 1 2 2
2 Reid McNeill Jake Dotchin 40 1 2 2
Penalty Kill 4 Players Forward
Center Wing Time % Phy DF OF
1 Tyler Randell Michael Bournival 60 1 2 2
2 Tyler Brenner Calle Jarnkrok 40 1 2 2
Penalty Kill 4 Players Defense
Defense Defense Time % Phy DF OF
1 Dylan Olsen Victor Bartley 60 1 2 2
2 Reid McNeill Jake Dotchin 40 1 2 2
Penalty Kill - 3 Players Forward
Forward Time % Phy DF OF
1 Tyler Randell 60 1 2 2
2 Michael Bournival 40 1 2 2
Penalty Kill - 3 Players Defense
Defense Defense Time % Phy DF OF
1 Dylan Olsen Victor Bartley 60 1 2 2
2 Reid McNeill Jake Dotchin 40 1 2 2
4 vs 4 Forward
Center Wing Time % Phy DF OF
1 Tyler Randell Michael Bournival 60 1 2 2
2 Tyler Brenner Calle Jarnkrok 40 1 2 2
4 vs 4 Defense
Defense Defense Time % Phy DF OF
1 Dylan Olsen Victor Bartley 60 1 2 2
2 Reid McNeill Jake Dotchin 40 1 2 2
Last Minutes Offensive
Center Left Wing Right Wing Defense Defense
Tyler Brenner Michael Bournival Tyler Randell Dylan Olsen Victor Bartley
Last Minutes Defensive
Center Left Wing Right Wing Defense Defense
Tyler Brenner Michael Bournival Tyler Randell Dylan Olsen Victor Bartley
Goaltenders
Starting : Ilya Sorokin
Backup : Zachary Fucale
Extra Forwards
Normal : Brendan Leipsic, Lucas Wallmarkk, Laurent Dauphin - PP : Brendan Leipsic, Lucas Wallmarkk - PK : Laurent Dauphin
Extra Defensemen
Normal : Devon Teows, Mark Alt, Brenden Kichton - PP : Devon Teows - PK : Mark Alt, Brenden Kichton
Penalty Shots
Tyler Randell, Michael Bournival, Tyler Brenner, Calle Jarnkrok, Brandon McMillan
Scratches
Justin Kirkland (Healthy), Anthony Angello (Healthy), Jason Kasdorf (Healthy), Scott Wedgewood (Healthy)
% Time on Ice - Diablos
Lines # - Real PCT - Wanted PCT - Time Play
Normal Forward
1 - 35% - 40% - 15:07
2 - 28% - 30% - 12:24
3 - 21% - 20% - 9:01
4 - 17% - 10% - 7:14
Normal Defense
1 - 40% - 40% - 17:40
2 - 31% - 30% - 13:27
3 - 19% - 20% - 8:18
4 - 10% - 10% - 4:21
PP Forward
1 - 53% - 60% - 4:05
2 - 47% - 40% - 3:35
PP Defense
1 - 63% - 60% - 4:52
2 - 37% - 40% - 2:48
PK Forward
1 - 72% - 60% - 3:28
2 - 28% - 40% - 1:21
PK Defense
1 - 58% - 60% - 2:49
2 - 42% - 40% - 2:00
PK3 Forward
1 - 0% - 60%
2 - 0% - 40%
PK3 Defense
1 - 0% - 60%
2 - 0% - 40%
44 Forward
1 - 75% - 60% - 2:36
2 - 25% - 40% - 0:52
44 Defense
1 - 56% - 60% - 1:57
2 - 44% - 40% - 1:31
Last Minute Offensive - 0:17
Last Minute Defensive - 0:00
Total
Forward - 60:00
Defense - 60:00
|
% Time on Ice - Harfangs
Lines # - Real PCT - Wanted PCT - Time Play
Normal Forward
1 - 36% - 40% - 15:44
2 - 30% - 30% - 12:58
3 - 22% - 20% - 9:31
4 - 13% - 10% - 5:38
Normal Defense
1 - 39% - 40% - 16:54
2 - 29% - 30% - 12:40
3 - 22% - 20% - 9:51
4 - 10% - 10% - 4:26
PP Forward
1 - 60% - 60% - 2:54
2 - 40% - 40% - 1:55
PP Defense
1 - 53% - 60% - 2:34
2 - 47% - 40% - 2:15
PK Forward
1 - 68% - 60% - 5:13
2 - 32% - 40% - 2:27
PK Defense
1 - 67% - 60% - 5:08
2 - 33% - 40% - 2:32
PK3 Forward
1 - 0% - 60%
2 - 0% - 40%
PK3 Defense
1 - 0% - 60%
2 - 0% - 40%
44 Forward
1 - 72% - 60% - 2:30
2 - 28% - 40% - 0:58
44 Defense
1 - 67% - 60% - 2:19
2 - 33% - 40% - 1:09
Last Minute Offensive - 0:00
Last Minute Defensive - 0:12
Total
Forward - 60:00
Defense - 60:00
|
Play-by-Play
1st period
0:01 of 1st period - Tyler Brenner wins face-off versus Lars Eller in neutral zone.
0:08 of 1st period - Slapshot by Tyler Randell.
0:08 of 1st period - Deflect By Tyler Brenner.
0:08 of 1st period - Shot Misses the Net.
0:08 of 1st period - Puck is out of play.
0:09 of 1st period - Lars Eller wins face-off versus Tyler Brenner in Diablos zone.
0:09 of 1st period - Lars Eller is hit by Victor Bartley.
0:38 of 1st period - Snap shot by Nick Spaling.
0:38 of 1st period - Stopped by Ilya Sorokin with a rebound.
0:40 of 1st period - Slapshot by Philip Larsen.
0:40 of 1st period - Shot Misses the Net.
0:42 of 1st period - Snap shot by Nick Spaling.
0:42 of 1st period - Shot Blocked by Dylan Olsen.
0:44 of 1st period - Slapshot by Cameron Gaunce.
0:44 of 1st period - Shot Blocked by Dylan Olsen.
0:52 of 1st period - Slapshot by Tyler Randell.
0:52 of 1st period - Shot Misses the Net.
1:26 of 1st period - Wrist shot by Nick Spaling.
1:26 of 1st period - Stopped by Ilya Sorokin with a rebound.
1:28 of 1st period - Snap shot by Nick Spaling.
1:28 of 1st period - Stopped by Ilya Sorokin without a rebound.
1:29 of 1st period - Calle Jarnkrok wins face-off versus Corey Trivino in Harfangs zone.
1:29 of 1st period - Calle Jarnkrok is hit by Brian Dumoulin.
1:38 of 1st period - Minor Penalty to Jiri Sekac for Holding.
1:39 of 1st period - Calle Jarnkrok wins face-off versus Sergey Tolchinsky in Diablos zone.
3:38 of 1st period - Penalty to Jiri Sekac is over, Jiri Sekac is back on ice.
3:45 of 1st period - Dylan Olsen is hit by Andrey Pedan and loses puck.
3:50 of 1st period - Wrist shot by David Pastrnak.
3:50 of 1st period - Stopped by Ilya Sorokin with a rebound.
3:52 of 1st period - Snap shot by David Pastrnak.
3:52 of 1st period - Shot Misses the Net.
3:54 of 1st period - Wrist shot by Danton Heinen.
3:54 of 1st period - Stopped by Ilya Sorokin without a rebound.
3:55 of 1st period - Cristoval Nieves wins face-off versus Corey Trivino in Harfangs zone.
4:02 of 1st period - Snap shot by Tyler Pitlick.
4:02 of 1st period - Stopped by Ilya Sorokin without a rebound.
4:03 of 1st period - Corey Trivino wins face-off versus Nick Sorensen in Harfangs zone.
4:26 of 1st period - Wrist shot by Cristoval Nieves.
4:26 of 1st period - Stopped by Kristers Gudlevskis without a rebound.
4:27 of 1st period - Peter Holland wins face-off versus Calle Jarnkrok in Diablos zone.
4:27 of 1st period - Peter Holland is hit by Calle Jarnkrok.
4:37 of 1st period - Slapshot by Ryan Hartman.
4:37 of 1st period - Stopped by Kristers Gudlevskis with a rebound.
4:39 of 1st period - Backhand shot by Calle Jarnkrok.
4:39 of 1st period - Goal by Calle Jarnkrok - Diablos : 0 - Harfangs : 1.
4:40 of 1st period - Corey Trivino wins face-off versus Brandon McMillan in neutral zone.
4:55 of 1st period - Brian Dumoulin is hit by Ryan Hartman and loses puck.
5:06 of 1st period - Tyler Pitlick is hit by Jake Dotchin and loses puck.
5:12 of 1st period - Alex Petrovic is hit by Tyler Brenner and loses puck.
5:15 of 1st period - Minor Penalty to Reid McNeill for Hooking.
5:16 of 1st period - Tyler Randell wins face-off versus Lars Eller in Harfangs zone.
6:32 of 1st period - Icing by Jordan Szwarz.
6:33 of 1st period - Lars Eller wins face-off versus Tyler Brenner in Diablos zone.
6:56 of 1st period - Snap shot by Tyler Pitlick.
6:56 of 1st period - Shot Blocked by Dylan Olsen.
7:15 of 1st period - Penalty to Reid McNeill is over, Reid McNeill is back on ice.
7:24 of 1st period - Slapshot by Dylan Olsen.
7:24 of 1st period - Shot Blocked by Brian Dumoulin.
7:26 of 1st period - Wrist shot by Nick Shore.
7:26 of 1st period - Shot Misses the Net.
7:28 of 1st period - Slapshot by Dylan Olsen.
7:28 of 1st period - Shot Misses the Net.
7:30 of 1st period - Snap shot by Sven Andrighetto.
7:30 of 1st period - Stopped by Kristers Gudlevskis with a rebound.
7:32 of 1st period - Snap shot by Erik Nystrom.
7:32 of 1st period - Stopped by Kristers Gudlevskis without a rebound.
7:33 of 1st period - Calle Jarnkrok wins face-off versus Riley Nash in Diablos zone.
7:39 of 1st period - Minor Penalty to Riley Nash for Kneeing.
7:40 of 1st period - Tyler Brenner wins face-off versus Nick Spaling in Diablos zone.
7:46 of 1st period - Slapshot by Michael Bournival.
7:46 of 1st period - Shot Misses the Net.
7:48 of 1st period - Snap shot by Tyler Brenner.
7:48 of 1st period - Goal by Tyler Brenner - Diablos : 0 - Harfangs : 2.
7:49 of 1st period - Calle Jarnkrok wins face-off versus Lars Eller in neutral zone.
7:57 of 1st period - Minor Penalty to Philip Larsen for Roughing.
7:58 of 1st period - Lars Eller wins face-off versus Tyler Brenner in Diablos zone.
8:01 of 1st period - Off-side.
8:02 of 1st period - Tyler Brenner wins face-off versus Nick Spaling in neutral zone.
8:07 of 1st period - Wrist shot by Tyler Randell.
8:07 of 1st period - Shot Blocked by Nick Spaling.
8:09 of 1st period - Slapshot by Victor Bartley.
8:09 of 1st period - Deflect By Michael Bournival.
8:09 of 1st period - Goal by Michael Bournival - Diablos : 0 - Harfangs : 3.
8:10 of 1st period - Tyler Brenner wins face-off versus Lars Eller in neutral zone.
8:13 of 1st period - Snap shot by Tyler Randell.
8:13 of 1st period - Shot Misses the Net.
8:29 of 1st period - Icing by Michael Bournival.
8:30 of 1st period - Corey Trivino wins face-off versus Tyler Brenner in Harfangs zone.
8:31 of 1st period - Slapshot by Jiri Sekac.
8:31 of 1st period - Stopped by Ilya Sorokin without a rebound.
8:32 of 1st period - Corey Trivino wins face-off versus Calle Jarnkrok in Harfangs zone.
8:47 of 1st period - Snap shot by Corey Trivino.
8:47 of 1st period - Stopped by Ilya Sorokin without a rebound.
8:48 of 1st period - Tyler Brenner wins face-off versus Lars Eller in Harfangs zone.
8:57 of 1st period - Slapshot by Tyler Randell.
8:57 of 1st period - Shot Misses the Net.
9:13 of 1st period - Tyler Brenner is hit by Danton Heinen and loses puck.
9:18 of 1st period - Slapshot by Brian Dumoulin.
9:18 of 1st period - Shot Misses the Net.
9:20 of 1st period - Wrist shot by Peter Holland.
9:20 of 1st period - Shot Misses the Net.
9:22 of 1st period - Slapshot by Alex Petrovic.
9:22 of 1st period - Shot Misses the Net.
9:24 of 1st period - Slapshot by Peter Holland.
9:24 of 1st period - Shot Misses the Net.
9:38 of 1st period - Slapshot by Alex Petrovic.
9:38 of 1st period - Shot Misses the Net.
9:40 of 1st period - Slapshot by Viktor Loov.
9:40 of 1st period - Shot Misses the Net.
10:00 of 1st period - Wrist shot by Michael Bournival.
10:00 of 1st period - Shot Misses the Net.
10:02 of 1st period - Slapshot by Ryan Hartman.
10:02 of 1st period - Stopped by Kristers Gudlevskis with a rebound.
10:09 of 1st period - Slapshot by Ryan Hartman.
10:09 of 1st period - Stopped by Kristers Gudlevskis without a rebound.
10:10 of 1st period - Nick Shore wins face-off versus Lars Eller in Diablos zone.
10:11 of 1st period - Slapshot by Victor Bartley.
10:11 of 1st period - Shot Blocked by Lars Eller.
10:23 of 1st period - Snap shot by Lars Eller.
10:23 of 1st period - Stopped by Ilya Sorokin with a rebound.
10:25 of 1st period - Snap shot by Nick Spaling.
10:25 of 1st period - Stopped by Ilya Sorokin with a rebound.
10:31 of 1st period - Double Minor Penalty to Dylan Olsen for Roughing.
10:32 of 1st period - Tyler Randell wins face-off versus Lars Eller in Harfangs zone.
10:32 of 1st period - Tyler Randell is hit by Philip Larsen.
10:46 of 1st period - Backhand shot by Jordan Szwarz.
10:46 of 1st period - Goal by Jordan Szwarz - Diablos : 1 - Harfangs : 3.
10:47 of 1st period - Lars Eller wins face-off versus Tyler Randell in neutral zone.
11:16 of 1st period - Wrist shot by Cameron Gaunce.
11:16 of 1st period - Stopped by Ilya Sorokin with a rebound.
11:28 of 1st period - Victor Bartley is hit by Jiri Sekac.
12:46 of 1st period - Penalty to Dylan Olsen is over, Dylan Olsen is back on ice.
13:50 of 1st period - Brandon McMillan is hit by Andrey Pedan and loses puck.
14:07 of 1st period - Wrist shot by Cristoval Nieves.
14:07 of 1st period - Shot Blocked by Jiri Sekac.
14:23 of 1st period - Snap shot by Tyler Brenner.
14:23 of 1st period - Deflect By Tyler Randell.
14:23 of 1st period - Stopped by Kristers Gudlevskis without a rebound.
14:24 of 1st period - Tyler Brenner wins face-off versus Lars Eller in Diablos zone.
14:25 of 1st period - Slapshot by Michael Bournival.
14:25 of 1st period - Shot Misses the Net.
14:27 of 1st period - Slapshot by Michael Bournival.
14:27 of 1st period - Shot Misses the Net.
14:31 of 1st period - Snap shot by Michael Bournival.
14:31 of 1st period - Stopped by Kristers Gudlevskis without a rebound.
14:32 of 1st period - Lars Eller wins face-off versus Calle Jarnkrok in Diablos zone.
15:31 of 1st period - Icing by Tyler Randell.
15:32 of 1st period - Lars Eller wins face-off versus Tyler Brenner in Harfangs zone.
15:45 of 1st period - Wrist shot by Nick Spaling.
15:45 of 1st period - Stopped by Ilya Sorokin with a rebound.
16:05 of 1st period - Snap shot by Calle Jarnkrok.
16:05 of 1st period - Stopped by Kristers Gudlevskis without a rebound.
16:06 of 1st period - Lars Eller wins face-off versus Ryan Hartman in Diablos zone.
16:24 of 1st period - Icing by Victor Bartley.
16:25 of 1st period - Corey Trivino wins face-off versus Calle Jarnkrok in Harfangs zone.
16:36 of 1st period - Victor Bartley is hit by Tyler Pitlick and loses puck.
16:48 of 1st period - Icing by Victor Bartley.
16:49 of 1st period - Tyler Brenner wins face-off versus Lars Eller in Harfangs zone.
17:16 of 1st period - Snap shot by Michael Bournival.
17:16 of 1st period - Shot Misses the Net.
17:18 of 1st period - Slapshot by Victor Bartley.
17:18 of 1st period - Shot Misses the Net.
17:20 of 1st period - Wrist shot by Erik Nystrom.
17:20 of 1st period - Stopped by Kristers Gudlevskis without a rebound.
17:21 of 1st period - Corey Trivino wins face-off versus Nick Shore in Diablos zone.
17:36 of 1st period - Slapshot by Tyler Pitlick.
17:36 of 1st period - Stopped by Ilya Sorokin without a rebound.
17:37 of 1st period - Lars Eller wins face-off versus Calle Jarnkrok in Harfangs zone.
17:44 of 1st period - Snap shot by Lars Eller.
17:44 of 1st period - Stopped by Ilya Sorokin with a rebound.
17:46 of 1st period - Slapshot by Nick Spaling.
17:46 of 1st period - Diablos goal is going for a video replay.
17:46 of 1st period - The goal is good.
17:46 of 1st period - Goal by Nick Spaling - Diablos : 2 - Harfangs : 3.
17:47 of 1st period - Tyler Brenner wins face-off versus Lars Eller in neutral zone.
18:33 of 1st period - Wrist shot by Cristoval Nieves.
18:33 of 1st period - Shot Misses the Net.
18:49 of 1st period - Snap shot by David Pastrnak.
18:49 of 1st period - Shot Misses the Net.
18:51 of 1st period - Snap shot by Peter Holland.
18:51 of 1st period - Goal by Peter Holland - Diablos : 3 - Harfangs : 3.
18:52 of 1st period - Lars Eller wins face-off versus Tyler Brenner in neutral zone.
19:01 of 1st period - Slapshot by Victor Bartley.
19:01 of 1st period - Shot Blocked by Alex Petrovic.
19:05 of 1st period - Snap shot by Michael Bournival.
19:05 of 1st period - Shot Misses the Net.
19:19 of 1st period - Victor Bartley is hit by Corey Trivino and loses puck.
Goals for this period are 3 for Diablos vs 3 for Harfangs.
Shots for this period are 17 for Diablos vs 13 for Harfangs.
2nd period
0:01 of 2nd period - Lars Eller wins face-off versus Tyler Brenner in neutral zone.
0:33 of 2nd period - Calle Jarnkrok is hit by Cameron Gaunce and loses puck.
1:15 of 2nd period - Wrist shot by Morgan Klimchuk.
1:15 of 2nd period - Stopped by Kristers Gudlevskis without a rebound.
1:16 of 2nd period - Morgan Klimchuk wins face-off versus Riley Nash in Diablos zone.
1:27 of 2nd period - Slapshot by Riley Nash.
1:27 of 2nd period - Stopped by Ilya Sorokin with a rebound.
1:49 of 2nd period - Snap shot by Riley Nash.
1:49 of 2nd period - Shot Misses the Net.
1:51 of 2nd period - Slapshot by Alex Petrovic.
1:51 of 2nd period - Stopped by Ilya Sorokin with a rebound.
1:53 of 2nd period - Wrist shot by Charles Hudon.
1:53 of 2nd period - Deflect By Riley Nash.
1:53 of 2nd period - Shot Misses the Net.
1:53 of 2nd period - Puck is out of play.
1:54 of 2nd period - Lars Eller wins face-off versus Tyler Brenner in Harfangs zone.
2:00 of 2nd period - Icing by Tyler Brenner.
2:01 of 2nd period - Lars Eller wins face-off versus Tyler Brenner in Harfangs zone.
2:12 of 2nd period - Snap shot by Nick Spaling.
2:12 of 2nd period - Deflect By Lars Eller.
2:12 of 2nd period - Stopped by Ilya Sorokin without a rebound.
2:13 of 2nd period - Lars Eller wins face-off versus Tyler Randell in Harfangs zone.
2:13 of 2nd period - Minor Penalty to Jordan Szwarz for Tripping.
2:14 of 2nd period - Tyler Brenner wins face-off versus Nick Spaling in Diablos zone.
2:16 of 2nd period - Minor Penalty to Victor Bartley for Holding.
2:17 of 2nd period - Nick Spaling wins face-off versus Tyler Randell in Harfangs zone.
2:21 of 2nd period - Wrist shot by Lars Eller.
2:21 of 2nd period - Shot Blocked by Dylan Olsen.
2:45 of 2nd period - Cameron Gaunce is hit by Michael Bournival and loses puck.
3:30 of 2nd period - Slapshot by Jake Dotchin.
3:30 of 2nd period - Deflect By Brendan Leipsic.
3:30 of 2nd period - Stopped by Kristers Gudlevskis with a rebound.
4:13 of 2nd period - Penalty to Jordan Szwarz is over, Jordan Szwarz is back on ice.
4:16 of 2nd period - Penalty to Victor Bartley is over, Victor Bartley is back on ice.
4:22 of 2nd period - Icing by Dylan Olsen.
4:23 of 2nd period - Lucas Wallmarkk wins face-off versus Corey Trivino in Harfangs zone.
4:28 of 2nd period - Victor Bartley is hit by Cameron Gaunce and loses puck.
4:35 of 2nd period - Slapshot by Tyler Pitlick.
4:35 of 2nd period - Shot Blocked by Victor Bartley.
4:55 of 2nd period - Icing by Victor Bartley.
4:56 of 2nd period - Lars Eller wins face-off versus Brendan Leipsic in Harfangs zone.
5:11 of 2nd period - Slapshot by Jordan Szwarz.
5:11 of 2nd period - Shot Misses the Net.
5:21 of 2nd period - Jake Dotchin is hit by Alex Petrovic.
5:47 of 2nd period - Wrist shot by Peter Holland.
5:47 of 2nd period - Deflect By David Pastrnak.
5:47 of 2nd period - Stopped by Ilya Sorokin with a rebound.
6:00 of 2nd period - Icing by Reid McNeill.
6:01 of 2nd period - Corey Trivino wins face-off versus Calle Jarnkrok in Harfangs zone.
6:06 of 2nd period - Wrist shot by Tyler Pitlick.
6:06 of 2nd period - Shot Blocked by Reid McNeill.
6:12 of 2nd period - Snap shot by Jiri Sekac.
6:12 of 2nd period - Shot Blocked by Reid McNeill.
6:14 of 2nd period - Snap shot by Tyler Pitlick.
6:14 of 2nd period - Deflect By Jiri Sekac.
6:14 of 2nd period - Goal by Jiri Sekac - Diablos : 4 - Harfangs : 3.
6:15 of 2nd period - Lars Eller wins face-off versus Calle Jarnkrok in neutral zone.
6:45 of 2nd period - Nick Shore is hit by Jiri Sekac and loses puck.
6:52 of 2nd period - Slapshot by Corey Trivino.
6:52 of 2nd period - Shot Blocked by Mark Alt.
7:06 of 2nd period - Snap shot by David Pastrnak.
7:06 of 2nd period - Shot Misses the Net.
8:16 of 2nd period - Snap shot by Nick Shore.
8:16 of 2nd period - Goal by Nick Shore - Diablos : 4 - Harfangs : 4.
8:17 of 2nd period - Calle Jarnkrok wins face-off versus Lars Eller in neutral zone.
8:17 of 2nd period - Victor Bartley is hit by Cameron Gaunce and loses puck.
8:42 of 2nd period - Tyler Brenner is hit by Philip Larsen and loses puck.
9:04 of 2nd period - Icing by Tyler Randell.
9:05 of 2nd period - Nick Shore wins face-off versus Peter Holland in Harfangs zone.
9:05 of 2nd period - Nick Shore is hit by Danton Heinen.
9:33 of 2nd period - Snap shot by Calle Jarnkrok.
9:33 of 2nd period - Shot Misses the Net.
10:06 of 2nd period - Tyler Brenner is hit by Brian Dumoulin and loses puck.
10:21 of 2nd period - Snap shot by Cristoval Nieves.
10:21 of 2nd period - Shot Misses the Net.
10:25 of 2nd period - Wrist shot by Morgan Klimchuk.
10:25 of 2nd period - Goal by Morgan Klimchuk - Diablos : 4 - Harfangs : 5.
10:26 of 2nd period - Calle Jarnkrok wins face-off versus Lars Eller in neutral zone.
10:36 of 2nd period - Minor Penalty to Jordan Szwarz for Interference.
10:37 of 2nd period - Nick Spaling wins face-off versus Tyler Brenner in Diablos zone.
12:14 of 2nd period - Ryan Hartman is hit by Jiri Sekac and loses puck.
12:27 of 2nd period - Slapshot by Victor Bartley.
12:27 of 2nd period - Stopped by Kristers Gudlevskis with a rebound.
12:36 of 2nd period - Penalty to Jordan Szwarz is over, Jordan Szwarz is back on ice.
12:47 of 2nd period - Wrist shot by Lars Eller.
12:47 of 2nd period - Shot Blocked by Victor Bartley.
12:49 of 2nd period - Snap shot by Lars Eller.
12:49 of 2nd period - Stopped by Ilya Sorokin with a rebound.
12:55 of 2nd period - Snap shot by Lars Eller.
12:55 of 2nd period - Stopped by Ilya Sorokin with a rebound.
12:57 of 2nd period - Slapshot by Philip Larsen.
12:57 of 2nd period - Shot Misses the Net.
12:59 of 2nd period - Wrist shot by Jordan Szwarz.
12:59 of 2nd period - Deflect By Dylan Olsen.
12:59 of 2nd period - Shot Blocked by Dylan Olsen.
12:59 of 2nd period - Puck is out of play.
13:00 of 2nd period - Corey Trivino wins face-off versus Nick Shore in Harfangs zone.
13:13 of 2nd period - Viktor Loov is hit by Nick Shore and loses puck.
14:07 of 2nd period - Slapshot by Jiri Sekac.
14:07 of 2nd period - Deflect By Corey Trivino.
14:07 of 2nd period - Shot Misses the Net.
14:07 of 2nd period - Puck is out of play.
14:08 of 2nd period - Corey Trivino wins face-off versus Tyler Brenner in Harfangs zone.
14:11 of 2nd period - Wrist shot by Corey Trivino.
14:11 of 2nd period - Shot Blocked by Michael Bournival.
14:33 of 2nd period - Dylan Olsen is hit by Lars Eller and loses puck.
15:02 of 2nd period - Snap shot by Charles Hudon.
15:02 of 2nd period - Stopped by Ilya Sorokin with a rebound.
15:04 of 2nd period - Snap shot by Riley Nash.
15:04 of 2nd period - Stopped by Ilya Sorokin with a rebound.
15:06 of 2nd period - Wrist shot by Scott Glennie.
15:06 of 2nd period - Stopped by Ilya Sorokin without a rebound.
15:07 of 2nd period - Lars Eller wins face-off versus Tyler Brenner in Harfangs zone.
15:08 of 2nd period - Snap shot by Nick Spaling.
15:08 of 2nd period - Stopped by Ilya Sorokin with a rebound.
15:18 of 2nd period - Jake Dotchin is hit by Jordan Szwarz and loses puck.
15:52 of 2nd period - Snap shot by Peter Holland.
15:52 of 2nd period - Shot Blocked by Brenden Kichton.
16:00 of 2nd period - Wrist shot by Morgan Klimchuk.
16:00 of 2nd period - Stopped by Kristers Gudlevskis with a rebound.
16:02 of 2nd period - Snap shot by Morgan Klimchuk.
16:02 of 2nd period - Stopped by Kristers Gudlevskis with a rebound.
16:23 of 2nd period - Minor Penalty to Ryan Hartman for Hooking.
16:24 of 2nd period - Lars Eller wins face-off versus Tyler Randell in Harfangs zone.
16:49 of 2nd period - Tyler Randell is hit by Tyler Pitlick and loses puck.
18:23 of 2nd period - Penalty to Ryan Hartman is over, Ryan Hartman is back on ice.
18:26 of 2nd period - Nick Spaling is hit by Tyler Randell and loses puck.
19:08 of 2nd period - Snap shot by David Pastrnak.
19:08 of 2nd period - Shot Misses the Net.
19:26 of 2nd period - Tyler Pitlick is hit by Cristoval Nieves and loses puck.
19:33 of 2nd period - Snap shot by Cristoval Nieves.
19:33 of 2nd period - Stopped by Kristers Gudlevskis with a rebound.
19:35 of 2nd period - Slapshot by Blake Heinrich.
19:35 of 2nd period - Stopped by Kristers Gudlevskis with a rebound.
Goals for this period are 1 for Diablos vs 2 for Harfangs.
Shots for this period are 11 for Diablos vs 9 for Harfangs.
3rd period
0:01 of 3rd period - Lars Eller wins face-off versus Tyler Brenner in neutral zone.
0:26 of 3rd period - Tyler Pitlick is hit by Brandon McMillan.
0:48 of 3rd period - Backhand shot by Dylan Olsen.
0:48 of 3rd period - Shot Misses the Net.
2:16 of 3rd period - Slapshot by Nick Shore.
2:16 of 3rd period - Stopped by Kristers Gudlevskis with a rebound.
2:38 of 3rd period - Off-side.
2:39 of 3rd period - Tyler Brenner wins face-off versus Lars Eller in neutral zone.
3:25 of 3rd period - Snap shot by Michael Bournival.
3:25 of 3rd period - Stopped by Kristers Gudlevskis without a rebound.
3:26 of 3rd period - Calle Jarnkrok wins face-off versus Lars Eller in Diablos zone.
3:27 of 3rd period - Wrist shot by Ryan Hartman.
3:27 of 3rd period - Stopped by Kristers Gudlevskis without a rebound.
3:28 of 3rd period - Lars Eller wins face-off versus Calle Jarnkrok in Diablos zone.
4:33 of 3rd period - Snap shot by Nick Spaling.
4:33 of 3rd period - Stopped by Ilya Sorokin with a rebound.
5:05 of 3rd period - Slapshot by Nick Spaling.
5:05 of 3rd period - Shot Misses the Net.
5:22 of 3rd period - Icing by Nick Spaling.
5:23 of 3rd period - Jordan Szwarz wins face-off versus Tyler Brenner in Diablos zone.
5:27 of 3rd period - Off-side.
5:28 of 3rd period - Corey Trivino wins face-off versus Tyler Brenner in neutral zone.
5:33 of 3rd period - Alex Petrovic is hit by Michael Bournival and loses puck.
5:40 of 3rd period - Snap shot by Michael Bournival.
5:40 of 3rd period - Shot Blocked by Brian Dumoulin.
6:36 of 3rd period - Viktor Loov is hit by Dylan Olsen and loses puck.
6:49 of 3rd period - Wrist shot by Calle Jarnkrok.
6:49 of 3rd period - Shot Blocked by Viktor Loov.
6:55 of 3rd period - Charles Hudon is hit by Ryan Hartman and loses puck.
7:38 of 3rd period - Wrist shot by Scott Glennie.
7:38 of 3rd period - Stopped by Ilya Sorokin without a rebound.
7:39 of 3rd period - Tyler Brenner wins face-off versus Corey Trivino in Harfangs zone.
7:50 of 3rd period - Snap shot by Jiri Sekac.
7:50 of 3rd period - Shot Misses the Net.
8:11 of 3rd period - Slapshot by Peter Holland.
8:11 of 3rd period - Stopped by Ilya Sorokin with a rebound.
8:13 of 3rd period - Snap shot by David Pastrnak.
8:13 of 3rd period - Shot Blocked by Erik Nystrom.
9:01 of 3rd period - Snap shot by Corey Trivino.
9:01 of 3rd period - Deflect By Peter Holland.
9:01 of 3rd period - Shot Misses the Net.
9:01 of 3rd period - Puck is out of play.
9:02 of 3rd period - Nick Shore wins face-off versus Peter Holland in Harfangs zone.
9:09 of 3rd period - Slapshot by Sven Andrighetto.
9:09 of 3rd period - Stopped by Kristers Gudlevskis without a rebound.
9:10 of 3rd period - Tyler Brenner wins face-off versus Lars Eller in Diablos zone.
9:26 of 3rd period - Snap shot by Jordan Szwarz.
9:26 of 3rd period - Deflect By Nick Spaling.
9:26 of 3rd period - Stopped by Ilya Sorokin without a rebound.
9:27 of 3rd period - Corey Trivino wins face-off versus Nick Shore in Harfangs zone.
9:36 of 3rd period - Slapshot by Jake Dotchin.
9:36 of 3rd period - Shot Misses the Net.
9:52 of 3rd period - Erik Nystrom is hit by Peter Holland and loses puck.
9:57 of 3rd period - Snap shot by David Pastrnak.
9:57 of 3rd period - Shot Misses the Net.
10:05 of 3rd period - Snap shot by David Pastrnak.
10:05 of 3rd period - Stopped by Ilya Sorokin with a rebound.
10:54 of 3rd period - Icing by Lars Eller.
10:55 of 3rd period - Lars Eller wins face-off versus Calle Jarnkrok in Diablos zone.
11:24 of 3rd period - Backhand shot by Peter Holland.
11:24 of 3rd period - Shot Blocked by Michael Bournival.
11:40 of 3rd period - Nick Sorensen is hit by Lars Eller and loses puck.
12:45 of 3rd period - Snap shot by Tyler Brenner.
12:45 of 3rd period - Shot Misses the Net.
12:47 of 3rd period - Slapshot by Blake Heinrich.
12:47 of 3rd period - Deflect By David Pastrnak.
12:47 of 3rd period - Stopped by Kristers Gudlevskis with a rebound.
12:49 of 3rd period - Slapshot by Blake Heinrich.
12:49 of 3rd period - Shot Misses the Net.
12:51 of 3rd period - Wrist shot by Tyler Brenner.
12:51 of 3rd period - Shot Blocked by Peter Holland.
12:53 of 3rd period - Snap shot by Tyler Randell.
12:53 of 3rd period - Deflect By Michael Bournival.
12:53 of 3rd period - Shot Misses the Net.
12:53 of 3rd period - Puck is out of play.
12:54 of 3rd period - Lars Eller wins face-off versus Tyler Brenner in Diablos zone.
12:54 of 3rd period - Lars Eller is hit by Tyler Randell.
13:24 of 3rd period - Slapshot by Brian Dumoulin.
13:24 of 3rd period - Shot Misses the Net.
13:26 of 3rd period - Slapshot by Corey Trivino.
13:26 of 3rd period - Shot Misses the Net.
13:28 of 3rd period - Slapshot by Brian Dumoulin.
13:28 of 3rd period - Shot Misses the Net.
13:30 of 3rd period - Slapshot by Brian Dumoulin.
13:30 of 3rd period - Stopped by Ilya Sorokin without a rebound.
13:31 of 3rd period - Tyler Brenner wins face-off versus Lars Eller in Harfangs zone.
13:36 of 3rd period - Slapshot by Tyler Brenner.
13:36 of 3rd period - Stopped by Kristers Gudlevskis with a rebound.
13:38 of 3rd period - Slapshot by Reid McNeill.
13:38 of 3rd period - Stopped by Kristers Gudlevskis with a rebound.
13:40 of 3rd period - Wrist shot by Tyler Randell.
13:40 of 3rd period - Stopped by Kristers Gudlevskis without a rebound.
13:41 of 3rd period - Lars Eller wins face-off versus Tyler Brenner in Diablos zone.
14:08 of 3rd period - Jake Dotchin is hit by Jordan Szwarz and loses puck.
14:17 of 3rd period - Snap shot by Tyler Brenner.
14:17 of 3rd period - Stopped by Kristers Gudlevskis with a rebound.
14:25 of 3rd period - Wrist shot by Tyler Randell.
14:25 of 3rd period - Deflect By Lars Eller.
14:25 of 3rd period - Stopped by Kristers Gudlevskis with a rebound.
14:27 of 3rd period - Slapshot by Reid McNeill.
14:27 of 3rd period - Stopped by Kristers Gudlevskis without a rebound.
14:28 of 3rd period - Corey Trivino wins face-off versus Calle Jarnkrok in Diablos zone.
15:14 of 3rd period - Slapshot by Alex Petrovic.
15:14 of 3rd period - Stopped by Ilya Sorokin without a rebound.
15:15 of 3rd period - Cristoval Nieves wins face-off versus Riley Nash in Harfangs zone.
15:31 of 3rd period - Minor Penalty to Philip Larsen for Hooking.
15:32 of 3rd period - Nick Spaling wins face-off versus Tyler Brenner in Diablos zone.
15:41 of 3rd period - Nick Spaling is hit by Dylan Olsen and loses puck.
15:58 of 3rd period - Minor Penalty to Calle Jarnkrok for Tripping.
15:59 of 3rd period - Nick Spaling wins face-off versus Tyler Randell in Harfangs zone.
16:48 of 3rd period - Wrist shot by Jordan Szwarz.
16:48 of 3rd period - Stopped by Ilya Sorokin with a rebound.
17:31 of 3rd period - Penalty to Philip Larsen is over, Philip Larsen is back on ice.
17:58 of 3rd period - Penalty to Calle Jarnkrok is over, Calle Jarnkrok is back on ice.
19:01 of 3rd period - Minor Penalty to Jake Dotchin for Tripping.
19:02 of 3rd period - Tyler Pitlick wins face-off versus Tyler Randell in Harfangs zone.
19:02 of 3rd period - Diablos , Kristers Gudlevskis is pulled from the net.
19:02 of 3rd period - Slapshot by Jiri Sekac.
19:02 of 3rd period - Shot Misses the Net.
19:04 of 3rd period - Slapshot by Brian Dumoulin.
19:04 of 3rd period - Stopped by Ilya Sorokin without a rebound.
19:05 of 3rd period - Gerard Gallant call a timeout for Diablos .
19:05 of 3rd period - Corey Trivino wins face-off versus Tyler Randell in Harfangs zone.
19:08 of 3rd period - Wrist shot by Tyler Pitlick.
19:08 of 3rd period - Stopped by Ilya Sorokin without a rebound.
19:09 of 3rd period - Corey Trivino wins face-off versus Tyler Randell in Harfangs zone.
19:10 of 3rd period - Wrist shot by Jiri Sekac.
19:10 of 3rd period - Shot Misses the Net.
19:12 of 3rd period - Backhand shot by Brian Dumoulin.
19:12 of 3rd period - Stopped by Ilya Sorokin without a rebound.
19:13 of 3rd period - Tyler Randell wins face-off versus Lars Eller in Harfangs zone.
19:13 of 3rd period - Tyler Randell is hit by Philip Larsen.
19:25 of 3rd period - Slapshot by Jordan Szwarz.
19:25 of 3rd period - Shot Hit the Post.
19:49 of 3rd period - Icing by Cameron Gaunce.
19:50 of 3rd period - Kristers Gudlevskis from Diablos was sent back in the game.
19:50 of 3rd period - Corey Trivino wins face-off versus Tyler Brenner in Diablos zone.
19:50 of 3rd period - Corey Trivino is hit by Tyler Brenner.
19:56 of 3rd period - Diablos , Kristers Gudlevskis is pulled from the net.
19:58 of 3rd period - Snap shot by Jiri Sekac.
19:58 of 3rd period - Stopped by Ilya Sorokin with a rebound.
Goals for this period are 0 for Diablos vs 0 for Harfangs.
Shots for this period are 12 for Diablos vs 11 for Harfangs.
Back to the Top